Ice Dragons vs Diables
Created - 18 avril 2016 at 19:09
Goals
|
| Ice Dragons |
2 |
2 |
1 |
0 |
0 |
5 |
| Diables |
0 |
3 |
2 |
0 |
1 |
6 |
|
Shots
|
| Ice Dragons |
12 |
9 |
5 |
0 |
3 |
26 |
| Diables |
4 |
14 |
16 |
1 |
2 |
35 |
|
1st period
1. Ice Dragons , Troy Brouwer 30 (Martin Hanzal, Niklas Sundstrom) at 0:19
2. Ice Dragons , Patrick O'Sullivan 27 (Niklas Sundstrom, Oskar Osala) at 12:13 (PP)
Penalties :
Brandon Prust (Alm) for Roughing (Minor) at 12:01, Brandon Prust (Alm) for Slashing (Minor) at 12:35
2nd period
3. Diables , Tyler Bozak 47 (Matt Jones) at 2:36
4. Ice Dragons , Oskar Osala 35 (Cal Clutterbuck, Patrick O'Sullivan) at 3:48
5. Diables , Dustin Kohn 9 (Tyler Bozak, Damien Brunner) at 6:13 (PP)
6. Diables , Jamie Arniel 14 (Steve Quailer) at 14:59
7. Ice Dragons , Patrick O'Sullivan 28 (Cal Clutterbuck, Oskar Osala) at 17:39
Penalties :
Tomas Kudelka (Kin) for Slashing (Minor) at 5:57, Damien Brunner (Alm) for Hooking (Minor) at 7:16
3rd period
8. Diables , Tomas Kubalik 17 (Lukas Krajicek, Craig Smith) at 5:01
9. Diables , Tomas Kubalik 18 (Pierre-Cédric Labrie, Craig Smith) at 6:23
10. Ice Dragons , Oskar Osala 36 (Ian Cole, Boris Valabik) at 6:35
Penalties :
Brandon Prust (Alm) for Hooking (Minor) at 2:49
Overtime #1
No Goal
Penalties :
No Penalty
Shootout
Penalty Shot by Martin Hanzal for Ice Dragons - Stopped by Frederik Andersen
Penalty Shot by Craig Smith for Diables - Stopped by Justin Pogge
Penalty Shot by Cal Clutterbuck for Ice Dragons - Stopped by Frederik Andersen
Penalty Shot by Damien Brunner for Diables - Goal!
Penalty Shot by Niklas Sundstrom for Ice Dragons - Stopped by Frederik Andersen
Penalties :
No Penalty
Goalie Stats
Justin Pogge (Kin), 30 saves from 35 shots - (0,857), OTL, 21-19-6, 65:00 minutes
Frederik Andersen (Alm), 21 saves from 26 shots - (0,808), W, 32-24-2, 65:00 minutes
Players Stats for Ice Dragons
Player Name G A P +/- PIM S H SB GA TA FO MP PP MP PK MP
------------------------------------------------------------------------------------
Boris Valabik 0 1 1 0 0 2 1 5 1 0 0/0 23:13 0:00 0:16
Brayden McNabb 0 0 0 1 0 0 2 1 1 3 0/0 23:21 2:15 0:00
Cal Clutterbuck 0 2 2 3 0 0 4 0 0 0 1/2 21:51 1:56 0:16
Danny Syvret 0 0 0 0 0 0 1 0 0 0 0/0 14:38 0:00 0:16
Francis Bouillon 0 0 0 1 0 0 0 0 0 1 0/0 19:54 2:15 0:00
Ian Cole 0 1 1 -1 0 1 0 3 1 1 0/0 27:01 3:54 0:00
Jordan LaVallee 0 0 0 -1 0 1 0 2 0 0 1/4 14:18 0:00 0:16
Marek Viedensky 0 0 0 -2 0 0 1 1 0 0 0/0 8:29 0:00 0:00
Martin Hanzal 0 1 1 0 0 2 2 0 0 1 11/15 20:03 1:56 0:00
Niklas Sundstrom 0 2 2 0 0 4 3 1 1 1 1/2 20:35 4:13 0:00
Oskar Osala 2 2 4 3 0 8 4 0 0 0 1/2 24:04 4:13 0:00
Patrick O'Sullivan 2 1 3 3 0 5 1 2 0 1 14/27 22:35 4:13 0:00
Raymond Sawada 0 0 0 -1 0 1 0 0 0 0 0/0 11:56 0:00 0:00
Ryan Reaves 0 0 0 -2 0 0 2 0 0 0 0/0 7:27 0:00 0:00
Slava Voynov 0 0 0 -1 0 0 0 0 0 0 0/0 9:24 3:54 0:00
Tomas Kudelka 0 0 0 0 2 0 0 2 0 1 0/0 12:28 0:00 0:00
Troy Brouwer 1 0 1 0 0 1 1 0 0 0 1/3 19:18 1:56 0:00
Tyler Haskins 0 0 0 -3 0 1 3 0 1 0 2/7 19:08 0:00 0:00
Players Stats for Diables
Player Name G A P +/- PIM S H SB GA TA FO MP PP MP PK MP
------------------------------------------------------------------------------------
Benn Ferriero 0 0 0 0 0 2 1 0 0 1 1/1 8:36 0:00 0:00
Brandon Prust 0 0 0 -2 6 1 2 0 0 0 1/2 18:57 0:00 0:00
Brian Dumoulin 0 0 0 0 0 0 0 0 0 0 0/0 4:31 0:00 0:00
Craig Smith 0 2 2 1 0 4 4 1 1 0 4/8 14:32 0:00 0:22
Damien Brunner 0 1 1 -2 2 1 3 1 1 1 1/2 23:55 0:16 2:58
Dustin Kohn 1 0 1 1 0 3 0 0 0 0 0/0 21:45 0:16 1:57
Jamie Arniel 1 0 1 1 0 3 4 0 1 0 8/19 20:10 0:00 4:16
Jared Cowen 0 0 0 -3 0 2 1 3 0 1 0/0 27:00 0:16 4:12
Kellan Lain 0 0 0 1 0 1 1 0 0 1 0/1 17:43 0:16 2:01
Lukas Krajicek 0 1 1 -2 0 4 2 1 3 0 0/0 25:44 0:00 1:57
Matt Jones 0 1 1 2 0 0 3 0 1 0 0/0 19:49 0:00 4:12
Pierre-Cédric Labrie 0 1 1 1 0 0 0 0 0 0 0/0 13:57 0:00 0:00
Riley Sheahan 0 0 0 0 0 0 0 0 0 0 0/0 8:17 0:00 0:00
Steve Quailer 0 1 1 1 0 2 0 0 0 0 0/0 13:52 0:00 0:00
Taylor Beck 0 0 0 0 0 0 2 0 0 0 1/1 8:17 0:00 0:00
Tomas Kubalik 2 0 2 1 0 4 0 1 0 0 0/0 14:46 0:00 1:10
Tyler Bozak 1 1 2 -2 0 7 1 1 2 0 14/28 20:45 0:16 1:31
Tyler Cuma 0 0 0 0 0 0 5 1 0 0 0/0 16:46 0:00 0:00
Tyson Barrie 0 0 0 2 0 1 0 0 0 1 0/0 14:25 0:00 0:00
3 Stars
1 - Oskar Osala (Kin)
2 - Patrick O'Sullivan (Kin)
3 - Tomas Kubalik (Alm)
Power Play
Ice Dragons - 1 on 4 Attempt(s) - 25,00%
Diables - 1 on 1 Attempt(s) - 100,00%
Penalty Kill
Ice Dragons - 0 on 1 Attempt(s) - 0,00%
- Score 0 goal in Penalty Kill
Diables - 3 on 4 Attempt(s) - 75,00%
- Score 0 goal in Penalty Kill
Team Stat
Ice Dragons - Hits : 25 - Faceoff Wins : 32 - Blocked Shots : 17 - Penalty Minutes : 2
Diables - Hits : 29 - Faceoff Wins : 30 - Blocked Shots : 9 - Penalty Minutes : 8
Official
Referees : Meier Brad and Jackson Dave
Linesman : Brad Lazarowich and Shane Heyer
Game Notes
12:25 of 1st period - Ice Dragons goal is going for a video replay. After video review, No Goal. The puck has been kicked using a distinct kicking motion.
Finance
Level 1 -- Attendance: 1455 (72,75%) -- Ticket Income 50 925 $
Level 2 -- Attendance: 741 (74,10%) -- Ticket Income 11 115 $
Total Attendance: 2196 (73,20%)
Total Ticket Income: 62 040 $
Other Income: 3 102 $
Total Income: 65 142 $
Ice Dragons
5 vs 5 Forward
Center Left Wing Right Wing Time % Phy DF OF
1 Patrick O'Sullivan Oskar Osala Cal Clutterbuck 40 1 2 2
2 Martin Hanzal Troy Brouwer Niklas Sundstrom 30 1 2 2
3 Tyler Haskins Jordan LaVallee Raymond Sawada 20 1 2 2
4 Tyler Haskins Marek Viedensky Ryan Reaves 10 1 3 1
5 vs 5 Defense
Defense Defense Time % Phy DF OF
1 Ian Cole Boris Valabik 40 1 2 2
2 Francis Bouillon Brayden McNabb 30 1 2 2
3 Danny Syvret Tomas Kudelka 20 1 2 2
4 Slava Voynov Brayden McNabb 10 1 3 1
PowerPlay Forward
Center Left Wing Right Wing Time % Phy DF OF
1 Patrick O'Sullivan Oskar Osala Niklas Sundstrom 60 1 2 2
2 Martin Hanzal Troy Brouwer Cal Clutterbuck 40 1 2 2
PowerPlay Defense
Defense Defense Time % Phy DF OF
1 Ian Cole Slava Voynov 60 1 2 2
2 Brayden McNabb Francis Bouillon 40 1 2 2
Penalty Kill 4 Players Forward
Center Wing Time % Phy DF OF
1 Jordan LaVallee Cal Clutterbuck 60 1 4 0
2 Niklas Sundstrom Oskar Osala 40 1 4 0
Penalty Kill 4 Players Defense
Defense Defense Time % Phy DF OF
1 Danny Syvret Boris Valabik 60 1 4 0
2 Francis Bouillon Brayden McNabb 40 1 4 0
Penalty Kill - 3 Players Forward
Forward Time % Phy DF OF
1 Oskar Osala 60 1 4 0
2 Niklas Sundstrom 40 1 4 0
Penalty Kill - 3 Players Defense
Defense Defense Time % Phy DF OF
1 Danny Syvret Boris Valabik 60 1 4 0
2 Francis Bouillon Brayden McNabb 40 1 4 0
4 vs 4 Forward
Center Wing Time % Phy DF OF
1 Jordan LaVallee Troy Brouwer 60 1 2 2
2 Niklas Sundstrom Oskar Osala 40 1 2 2
4 vs 4 Defense
Defense Defense Time % Phy DF OF
1 Ian Cole Boris Valabik 60 1 2 2
2 Francis Bouillon Danny Syvret 40 1 2 2
Last Minutes Offensive
Center Left Wing Right Wing Defense Defense
Patrick O'Sullivan Troy Brouwer Cal Clutterbuck Ian Cole Boris Valabik
Last Minutes Defensive
Center Left Wing Right Wing Defense Defense
Martin Hanzal Oskar Osala Niklas Sundstrom Danny Syvret Francis Bouillon
Goaltenders
Starting : Justin Pogge
Backup : Harru Sateri
Extra Forwards
Normal : Martin Hanzal, Tyler Haskins, Cal Clutterbuck - PP : Martin Hanzal, Tyler Haskins - PK : Cal Clutterbuck
Extra Defensemen
Normal : Danny Syvret, Brayden McNabb, Slava Voynov - PP : Danny Syvret - PK : Brayden McNabb, Slava Voynov
Penalty Shots
Martin Hanzal, Cal Clutterbuck, Niklas Sundstrom, Oskar Osala, Troy Brouwer
Diables
5 vs 5 Forward
Center Left Wing Right Wing Time % Phy DF OF
1 Tyler Bozak Brandon Prust Damien Brunner 40 1 2 2
2 Jamie Arniel Kellan Lain Steve Quailer 30 1 2 2
3 Craig Smith Pierre-Cédric Labrie Tomas Kubalik 20 1 2 2
4 Riley Sheahan Taylor Beck Benn Ferriero 10 1 2 2
5 vs 5 Defense
Defense Defense Time % Phy DF OF
1 Lukas Krajicek Jared Cowen 40 1 2 2
2 Dustin Kohn Tyler Cuma 30 1 2 2
3 Matt Jones Tyson Barrie 20 1 2 2
4 Brian Dumoulin Jared Cowen 10 1 2 2
PowerPlay Forward
Center Left Wing Right Wing Time % Phy DF OF
1 Tyler Bozak Kellan Lain Damien Brunner 60 1 2 2
2 Craig Smith Brandon Prust Benn Ferriero 40 1 2 2
PowerPlay Defense
Defense Defense Time % Phy DF OF
1 Dustin Kohn Jared Cowen 60 1 2 2
2 Lukas Krajicek Tyler Cuma 40 1 2 2
Penalty Kill 4 Players Forward
Center Wing Time % Phy DF OF
1 Jamie Arniel Damien Brunner 60 1 2 2
2 Tyler Bozak Kellan Lain 40 1 2 2
Penalty Kill 4 Players Defense
Defense Defense Time % Phy DF OF
1 Jared Cowen Matt Jones 60 1 2 2
2 Dustin Kohn Lukas Krajicek 40 1 2 2
Penalty Kill - 3 Players Forward
Forward Time % Phy DF OF
1 Jamie Arniel 60 1 2 2
2 Damien Brunner 40 1 2 2
Penalty Kill - 3 Players Defense
Defense Defense Time % Phy DF OF
1 Lukas Krajicek Jared Cowen 60 1 2 2
2 Dustin Kohn Tyler Cuma 40 1 2 2
4 vs 4 Forward
Center Wing Time % Phy DF OF
1 Jamie Arniel Damien Brunner 60 1 2 2
2 Tyler Bozak Kellan Lain 40 1 2 2
4 vs 4 Defense
Defense Defense Time % Phy DF OF
1 Lukas Krajicek Matt Jones 60 1 2 2
2 Dustin Kohn Tyler Cuma 40 1 2 2
Last Minutes Offensive
Center Left Wing Right Wing Defense Defense
Tyler Bozak Brandon Prust Damien Brunner Lukas Krajicek Jared Cowen
Last Minutes Defensive
Center Left Wing Right Wing Defense Defense
Tyler Bozak Kellan Lain Damien Brunner Lukas Krajicek Jared Cowen
Goaltenders
Starting : Frederik Andersen
Backup : Jean-Francois Berube
Extra Forwards
Normal : Craig Smith, Pierre-Cédric Labrie, Tomas Kubalik - PP : Craig Smith, Pierre-Cédric Labrie - PK : Tomas Kubalik
Extra Defensemen
Normal : Jared Cowen, Tyson Barrie, Brian Dumoulin - PP : Jared Cowen - PK : Tyson Barrie, Brian Dumoulin
Penalty Shots
Craig Smith, Damien Brunner, Kellan Lain, Tyler Bozak, Jamie Arniel
% Time on Ice - Ice Dragons
Lines # - Real PCT - Wanted PCT - Time Play
Normal Forward
1 - 35% - 40% - 18:57
2 - 29% - 30% - 15:25
3 - 22% - 20% - 11:46
4 - 14% - 10% - 7:27
Normal Defense
1 - 39% - 40% - 20:44
2 - 29% - 30% - 15:46
3 - 23% - 20% - 12:29
4 - 9% - 10% - 4:36
PP Forward
1 - 69% - 60% - 4:13
2 - 31% - 40% - 1:56
PP Defense
1 - 63% - 60% - 3:54
2 - 37% - 40% - 2:15
PK Forward
1 - 100% - 60% - 0:16
2 - 0% - 40% - 0:00
PK Defense
1 - 100% - 60% - 0:16
2 - 0% - 40% - 0:00
PK3 Forward
1 - 0% - 60%
2 - 0% - 40%
PK3 Defense
1 - 0% - 60%
2 - 0% - 40%
44 Forward
1 - 83% - 60% - 4:09
2 - 17% - 40% - 0:51
44 Defense
1 - 62% - 60% - 3:07
2 - 38% - 40% - 1:53
Last Minute Offensive - 0:00
Last Minute Defensive - 0:00
Total
Forward - 65:00
Defense - 65:00
|
% Time on Ice - Diables
Lines # - Real PCT - Wanted PCT - Time Play
Normal Forward
1 - 36% - 40% - 19:11
2 - 26% - 30% - 13:52
3 - 23% - 20% - 12:15
4 - 15% - 10% - 8:17
Normal Defense
1 - 36% - 40% - 19:03
2 - 33% - 30% - 17:29
3 - 25% - 20% - 13:14
4 - 7% - 10% - 3:49
PP Forward
1 - 100% - 60% - 0:16
2 - 0% - 40% - 0:00
PP Defense
1 - 100% - 60% - 0:16
2 - 0% - 40% - 0:00
PK Forward
1 - 75% - 60% - 4:38
2 - 25% - 40% - 1:31
PK Defense
1 - 68% - 60% - 4:12
2 - 32% - 40% - 1:57
PK3 Forward
1 - 0% - 60%
2 - 0% - 40%
PK3 Defense
1 - 0% - 60%
2 - 0% - 40%
44 Forward
1 - 94% - 60% - 4:41
2 - 6% - 40% - 0:19
44 Defense
1 - 63% - 60% - 3:08
2 - 37% - 40% - 1:52
Last Minute Offensive - 0:00
Last Minute Defensive - 0:00
Total
Forward - 65:00
Defense - 65:00
|
Play by Play
1st period
0:01 of 1st period - Patrick O'Sullivan wins face-off versus Tyler Bozak in neutral zone.
0:04 of 1st period - Snap shot by Oskar Osala.
0:04 of 1st period - Stopped by Frederik Andersen with a rebound.
0:11 of 1st period - Icing by Jared Cowen.
0:12 of 1st period - Martin Hanzal wins face-off versus Tyler Bozak in Diables zone.
0:17 of 1st period - Snap shot by Martin Hanzal.
0:17 of 1st period - Shot Blocked by Jared Cowen.
0:19 of 1st period - Snap shot by Troy Brouwer.
0:19 of 1st period - Goal by Troy Brouwer - Ice Dragons : 1 - Diables : 0.
0:20 of 1st period - Jamie Arniel wins face-off versus Tyler Haskins in neutral zone.
0:45 of 1st period - Dustin Kohn is hit by Oskar Osala and loses puck.
1:19 of 1st period - Riley Sheahan is hit by Niklas Sundstrom and loses puck.
1:51 of 1st period - Dustin Kohn is hit by Patrick O'Sullivan and loses puck.
2:13 of 1st period - Francis Bouillon is hit by Tyler Cuma and loses puck.
4:30 of 1st period - Matt Jones is hit by Boris Valabik and loses puck.
5:12 of 1st period - Danny Syvret is hit by Lukas Krajicek and loses puck.
5:27 of 1st period - Tyler Haskins is hit by Tyler Bozak and loses puck.
5:42 of 1st period - Troy Brouwer is hit by Kellan Lain and loses puck.
5:57 of 1st period - Dustin Kohn is hit by Cal Clutterbuck and loses puck.
6:08 of 1st period - Raymond Sawada is hit by Brandon Prust and loses puck.
6:19 of 1st period - Backhand shot by Tyler Bozak.
6:19 of 1st period - Shot Misses the Net.
6:39 of 1st period - Boris Valabik is hit by Lukas Krajicek and loses puck.
6:50 of 1st period - Brian Dumoulin is hit by Martin Hanzal and loses puck.
8:03 of 1st period - Icing by Craig Smith.
8:04 of 1st period - Patrick O'Sullivan wins face-off versus Craig Smith in Diables zone.
8:11 of 1st period - Slapshot by Niklas Sundstrom.
8:11 of 1st period - Stopped by Frederik Andersen without a rebound.
8:12 of 1st period - Martin Hanzal wins face-off versus Tyler Bozak in Diables zone.
8:17 of 1st period - Slapshot by Martin Hanzal.
8:17 of 1st period - Shot Misses the Net.
8:39 of 1st period - Backhand shot by Steve Quailer.
8:39 of 1st period - Stopped by Justin Pogge without a rebound.
8:40 of 1st period - Jamie Arniel wins face-off versus Tyler Haskins in Ice Dragons zone.
8:47 of 1st period - Snap shot by Jamie Arniel.
8:47 of 1st period - Stopped by Justin Pogge without a rebound.
8:48 of 1st period - Patrick O'Sullivan wins face-off versus Tyler Bozak in Ice Dragons zone.
9:22 of 1st period - Slapshot by Martin Hanzal.
9:22 of 1st period - Stopped by Frederik Andersen with a rebound.
9:24 of 1st period - Snap shot by Niklas Sundstrom.
9:24 of 1st period - Shot Blocked by Lukas Krajicek.
9:39 of 1st period - Off-side.
9:40 of 1st period - Craig Smith wins face-off versus Tyler Haskins in neutral zone.
9:43 of 1st period - Raymond Sawada is hit by Craig Smith and loses puck.
9:56 of 1st period - Brayden McNabb is hit by Tyler Cuma.
10:43 of 1st period - Snap shot by Craig Smith.
10:43 of 1st period - Stopped by Justin Pogge with a rebound.
11:04 of 1st period - Snap shot by Jordan LaVallee.
11:04 of 1st period - Shot Misses the Net.
11:06 of 1st period - Wrist shot by Tyler Haskins.
11:06 of 1st period - Deflect By Raymond Sawada.
11:06 of 1st period - Stopped by Frederik Andersen without a rebound.
11:07 of 1st period - Patrick O'Sullivan wins face-off versus Tyler Bozak in Diables zone.
12:01 of 1st period - Minor Penalty to Brandon Prust for Roughing.
12:02 of 1st period - Oskar Osala wins face-off versus Jamie Arniel in Diables zone.
12:13 of 1st period - Slapshot by Patrick O'Sullivan.
12:13 of 1st period - Goal by Patrick O'Sullivan - Ice Dragons : 2 - Diables : 0.
12:14 of 1st period - Patrick O'Sullivan wins face-off versus Tyler Bozak in neutral zone.
12:25 of 1st period - Snap shot by Oskar Osala.
12:25 of 1st period - Ice Dragons goal is going for a video replay.
12:25 of 1st period - The goal is refused. The puck has been kicked using a distinct kicking motion..
12:26 of 1st period - Patrick O'Sullivan wins face-off versus Tyler Bozak in Diables zone.
12:33 of 1st period - Wrist shot by Patrick O'Sullivan.
12:33 of 1st period - Shot Blocked by Tyler Bozak.
12:35 of 1st period - Minor Penalty to Brandon Prust for Slashing.
12:36 of 1st period - Patrick O'Sullivan wins face-off versus Jamie Arniel in Diables zone.
12:41 of 1st period - Wrist shot by Patrick O'Sullivan.
12:41 of 1st period - Shot Blocked by Damien Brunner.
12:43 of 1st period - Wrist shot by Niklas Sundstrom.
12:43 of 1st period - Shot Misses the Net.
12:45 of 1st period - Slapshot by Oskar Osala.
12:45 of 1st period - Stopped by Frederik Andersen with a rebound.
12:47 of 1st period - Wrist shot by Oskar Osala.
12:47 of 1st period - Shot Misses the Net.
13:01 of 1st period - Damien Brunner is hit by Cal Clutterbuck and loses puck.
13:10 of 1st period - Snap shot by Martin Hanzal.
13:10 of 1st period - Deflect By Matt Jones.
13:10 of 1st period - Shot Blocked by Jared Cowen.
13:10 of 1st period - Puck is out of play.
13:11 of 1st period - Patrick O'Sullivan wins face-off versus Jamie Arniel in Diables zone.
13:12 of 1st period - Snap shot by Niklas Sundstrom.
13:12 of 1st period - Stopped by Frederik Andersen without a rebound.
13:13 of 1st period - Patrick O'Sullivan wins face-off versus Jamie Arniel in Diables zone.
13:18 of 1st period - Wrist shot by Oskar Osala.
13:18 of 1st period - Stopped by Frederik Andersen with a rebound.
13:20 of 1st period - Wrist shot by Oskar Osala.
13:20 of 1st period - Shot Hit the Post.
13:37 of 1st period - Off-side.
13:38 of 1st period - Martin Hanzal wins face-off versus Tyler Bozak in neutral zone.
14:03 of 1st period - Slava Voynov is hit by Matt Jones and loses puck.
14:35 of 1st period - Penalty to Brandon Prust is over, Brandon Prust is back on ice.
15:32 of 1st period - Snap shot by Oskar Osala.
15:32 of 1st period - Shot Misses the Net.
15:58 of 1st period - Tyler Bozak is hit by Niklas Sundstrom and loses puck.
16:15 of 1st period - Wrist shot by Dustin Kohn.
16:15 of 1st period - Shot Blocked by Marek Viedensky.
16:27 of 1st period - Brayden McNabb is hit by Matt Jones and loses puck.
16:40 of 1st period - Niklas Sundstrom is hit by Taylor Beck and loses puck.
16:51 of 1st period - Jordan LaVallee is hit by Craig Smith and loses puck.
17:46 of 1st period - Tomas Kudelka is hit by Benn Ferriero and loses puck.
17:51 of 1st period - Wrist shot by Benn Ferriero.
17:51 of 1st period - Stopped by Justin Pogge without a rebound.
17:52 of 1st period - Benn Ferriero wins face-off versus Niklas Sundstrom in Ice Dragons zone.
18:15 of 1st period - Damien Brunner is hit by Marek Viedensky and loses puck.
18:22 of 1st period - Wrist shot by Tyler Bozak.
18:22 of 1st period - Deflect By Damien Brunner.
18:22 of 1st period - Shot Blocked by Boris Valabik.
18:22 of 1st period - Puck is out of play.
18:23 of 1st period - Tyler Bozak wins face-off versus Patrick O'Sullivan in Ice Dragons zone.
18:40 of 1st period - Cal Clutterbuck is hit by Matt Jones.
19:18 of 1st period - Backhand shot by Tyler Haskins.
19:18 of 1st period - Stopped by Frederik Andersen with a rebound.
19:20 of 1st period - Snap shot by Danny Syvret.
19:20 of 1st period - Deflect By Tyler Haskins.
19:20 of 1st period - Deflect By Craig Smith.
19:20 of 1st period - Shot Misses the Net.
19:20 of 1st period - Puck is out of play.
19:21 of 1st period - Patrick O'Sullivan wins face-off versus Tyler Bozak in Diables zone.
19:54 of 1st period - Wrist shot by Martin Hanzal.
19:54 of 1st period - Deflect By Lukas Krajicek.
19:54 of 1st period - Stopped by Frederik Andersen without a rebound.
19:55 of 1st period - Martin Hanzal wins face-off versus Kellan Lain in Diables zone.
Goals for this period are 2 for Ice Dragons vs 0 for Diables.
Shots for this period are 12 for Ice Dragons vs 4 for Diables.
2nd period
0:01 of 2nd period - Tyler Bozak wins face-off versus Patrick O'Sullivan in neutral zone.
0:04 of 2nd period - Ian Cole is hit by Damien Brunner and loses puck.
0:15 of 2nd period - Wrist shot by Tyler Bozak.
0:15 of 2nd period - Shot Blocked by Patrick O'Sullivan.
0:36 of 2nd period - Snap shot by Niklas Sundstrom.
0:36 of 2nd period - Stopped by Frederik Andersen with a rebound.
0:52 of 2nd period - Slapshot by Craig Smith.
0:52 of 2nd period - Stopped by Justin Pogge with a rebound.
1:13 of 2nd period - Slapshot by Tyler Cuma.
1:13 of 2nd period - Shot Misses the Net.
1:15 of 2nd period - Backhand shot by Dustin Kohn.
1:15 of 2nd period - Shot Blocked by Patrick O'Sullivan.
1:17 of 2nd period - Backhand shot by Dustin Kohn.
1:17 of 2nd period - Stopped by Justin Pogge with a rebound.
1:39 of 2nd period - Slapshot by Martin Hanzal.
1:39 of 2nd period - Shot Misses the Net.
1:45 of 2nd period - Troy Brouwer is hit by Tyler Cuma and loses puck.
1:56 of 2nd period - Brayden McNabb is hit by Jamie Arniel and loses puck.
2:36 of 2nd period - Slapshot by Tyler Bozak.
2:36 of 2nd period - Goal by Tyler Bozak - Ice Dragons : 2 - Diables : 1.
2:37 of 2nd period - Patrick O'Sullivan wins face-off versus Tyler Bozak in neutral zone.
2:48 of 2nd period - Cal Clutterbuck is hit by Damien Brunner and loses puck.
3:28 of 2nd period - Snap shot by Patrick O'Sullivan.
3:28 of 2nd period - Stopped by Frederik Andersen with a rebound.
3:36 of 2nd period - Snap shot by Cal Clutterbuck.
3:36 of 2nd period - Deflect By Oskar Osala.
3:36 of 2nd period - Stopped by Frederik Andersen with a rebound.
3:38 of 2nd period - Slapshot by Ian Cole.
3:38 of 2nd period - Shot Blocked by Craig Smith.
3:40 of 2nd period - Wrist shot by Oskar Osala.
3:40 of 2nd period - Stopped by Frederik Andersen with a rebound.
3:42 of 2nd period - Slapshot by Boris Valabik.
3:42 of 2nd period - Deflect By Pierre-Cédric Labrie.
3:42 of 2nd period - Stopped by Frederik Andersen with a rebound.
3:44 of 2nd period - Snap shot by Patrick O'Sullivan.
3:44 of 2nd period - Stopped by Frederik Andersen with a rebound.
3:48 of 2nd period - Wrist shot by Oskar Osala.
3:48 of 2nd period - Goal by Oskar Osala - Ice Dragons : 3 - Diables : 1.
3:49 of 2nd period - Martin Hanzal wins face-off versus Damien Brunner in neutral zone.
5:57 of 2nd period - Minor Penalty to Tomas Kudelka for Slashing.
5:58 of 2nd period - Tyler Bozak wins face-off versus Jordan LaVallee in Ice Dragons zone.
6:03 of 2nd period - Snap shot by Damien Brunner.
6:03 of 2nd period - Shot Blocked by Jordan LaVallee.
6:05 of 2nd period - Wrist shot by Kellan Lain.
6:05 of 2nd period - Deflect By Tyler Bozak.
6:05 of 2nd period - Stopped by Justin Pogge with a rebound.
6:07 of 2nd period - Slapshot by Tyler Bozak.
6:07 of 2nd period - Shot Misses the Net.
6:09 of 2nd period - Snap shot by Kellan Lain.
6:09 of 2nd period - Deflect By Tyler Bozak.
6:09 of 2nd period - Stopped by Justin Pogge without a rebound.
6:10 of 2nd period - Damien Brunner wins face-off versus Jordan LaVallee in Ice Dragons zone.
6:11 of 2nd period - Snap shot by Tyler Bozak.
6:11 of 2nd period - Shot Misses the Net.
6:13 of 2nd period - Backhand shot by Dustin Kohn.
6:13 of 2nd period - Deflect By Cal Clutterbuck.
6:13 of 2nd period - Goal by Dustin Kohn - Ice Dragons : 3 - Diables : 2.
6:14 of 2nd period - Tyler Bozak wins face-off versus Patrick O'Sullivan in neutral zone.
6:41 of 2nd period - Boris Valabik is hit by Jamie Arniel and loses puck.
6:48 of 2nd period - Wrist shot by Steve Quailer.
6:48 of 2nd period - Deflect By Kellan Lain.
6:48 of 2nd period - Shot Misses the Net.
6:48 of 2nd period - Puck is out of play.
6:49 of 2nd period - Jamie Arniel wins face-off versus Patrick O'Sullivan in Ice Dragons zone.
6:56 of 2nd period - Snap shot by Steve Quailer.
6:56 of 2nd period - Shot Misses the Net.
6:58 of 2nd period - Snap shot by Kellan Lain.
6:58 of 2nd period - Deflect By Jamie Arniel.
6:58 of 2nd period - Shot Misses the Net.
6:58 of 2nd period - Puck is out of play.
6:59 of 2nd period - Patrick O'Sullivan wins face-off versus Jamie Arniel in Ice Dragons zone.
7:03 of 2nd period - Off-side.
7:04 of 2nd period - Patrick O'Sullivan wins face-off versus Tyler Bozak in neutral zone.
7:11 of 2nd period - Snap shot by Tyler Bozak.
7:11 of 2nd period - Shot Blocked by Ian Cole.
7:16 of 2nd period - Minor Penalty to Damien Brunner for Hooking.
7:17 of 2nd period - Jamie Arniel wins face-off versus Patrick O'Sullivan in Diables zone.
8:53 of 2nd period - Wrist shot by Patrick O'Sullivan.
8:53 of 2nd period - Stopped by Frederik Andersen without a rebound.
8:54 of 2nd period - Craig Smith wins face-off versus Troy Brouwer in Diables zone.
8:54 of 2nd period - Craig Smith is hit by Cal Clutterbuck.
9:16 of 2nd period - Penalty to Damien Brunner is over, Damien Brunner is back on ice.
9:47 of 2nd period - Francis Bouillon is hit by Taylor Beck and loses puck.
9:55 of 2nd period - Riley Sheahan is hit by Ryan Reaves and loses puck.
10:39 of 2nd period - Wrist shot by Craig Smith.
10:39 of 2nd period - Stopped by Justin Pogge without a rebound.
10:40 of 2nd period - Martin Hanzal wins face-off versus Craig Smith in Ice Dragons zone.
11:18 of 2nd period - Matt Jones is hit by Brayden McNabb and loses puck.
11:39 of 2nd period - Slapshot by Benn Ferriero.
11:39 of 2nd period - Stopped by Justin Pogge without a rebound.
11:40 of 2nd period - Tyler Bozak wins face-off versus Martin Hanzal in Ice Dragons zone.
11:41 of 2nd period - Snap shot by Brandon Prust.
11:41 of 2nd period - Deflect By Damien Brunner.
11:41 of 2nd period - Shot Misses the Net.
11:41 of 2nd period - Puck is out of play.
11:42 of 2nd period - Troy Brouwer wins face-off versus Brandon Prust in Ice Dragons zone.
12:30 of 2nd period - Slapshot by Craig Smith.
12:30 of 2nd period - Stopped by Justin Pogge with a rebound.
12:32 of 2nd period - Snap shot by Matt Jones.
12:32 of 2nd period - Shot Blocked by Brayden McNabb.
12:34 of 2nd period - Slapshot by Pierre-Cédric Labrie.
12:34 of 2nd period - Shot Misses the Net.
12:36 of 2nd period - Slapshot by Tyson Barrie.
12:36 of 2nd period - Stopped by Justin Pogge with a rebound.
13:28 of 2nd period - Snap shot by Jamie Arniel.
13:28 of 2nd period - Stopped by Justin Pogge without a rebound.
13:29 of 2nd period - Tyler Haskins wins face-off versus Jamie Arniel in Ice Dragons zone.
13:54 of 2nd period - Ian Cole is hit by Jared Cowen.
14:54 of 2nd period - Tyler Haskins is hit by Jamie Arniel and loses puck.
14:59 of 2nd period - Snap shot by Jamie Arniel.
14:59 of 2nd period - Goal by Jamie Arniel - Ice Dragons : 3 - Diables : 3.
15:00 of 2nd period - Tyler Bozak wins face-off versus Patrick O'Sullivan in neutral zone.
15:12 of 2nd period - Snap shot by Tyler Bozak.
15:12 of 2nd period - Stopped by Justin Pogge without a rebound.
15:13 of 2nd period - Brandon Prust wins face-off versus Patrick O'Sullivan in Ice Dragons zone.
15:34 of 2nd period - Damien Brunner is hit by Oskar Osala and loses puck.
15:55 of 2nd period - Steve Quailer is hit by Troy Brouwer and loses puck.
16:26 of 2nd period - Benn Ferriero is hit by Ryan Reaves and loses puck.
16:39 of 2nd period - Slapshot by Dustin Kohn.
16:39 of 2nd period - Shot Misses the Net.
16:41 of 2nd period - Snap shot by Damien Brunner.
16:41 of 2nd period - Deflect By Tyler Bozak.
16:41 of 2nd period - Shot Blocked by Tomas Kudelka.
16:41 of 2nd period - Puck is out of play.
16:42 of 2nd period - Patrick O'Sullivan wins face-off versus Tyler Bozak in Ice Dragons zone.
17:39 of 2nd period - Wrist shot by Patrick O'Sullivan.
17:39 of 2nd period - Goal by Patrick O'Sullivan - Ice Dragons : 4 - Diables : 3.
17:40 of 2nd period - Jamie Arniel wins face-off versus Martin Hanzal in neutral zone.
17:43 of 2nd period - Wrist shot by Lukas Krajicek.
17:43 of 2nd period - Shot Misses the Net.
17:51 of 2nd period - Wrist shot by Jamie Arniel.
17:51 of 2nd period - Shot Blocked by Boris Valabik.
17:53 of 2nd period - Snap shot by Kellan Lain.
17:53 of 2nd period - Shot Blocked by Boris Valabik.
17:55 of 2nd period - Slapshot by Jared Cowen.
17:55 of 2nd period - Shot Blocked by Ian Cole.
18:07 of 2nd period - Tyler Haskins is hit by Craig Smith and loses puck.
18:25 of 2nd period - Benn Ferriero is hit by Tyler Haskins.
18:51 of 2nd period - Slapshot by Tyler Bozak.
18:51 of 2nd period - Shot Blocked by Niklas Sundstrom.
18:53 of 2nd period - Slapshot by Jared Cowen.
18:53 of 2nd period - Shot Misses the Net.
18:55 of 2nd period - Slapshot by Lukas Krajicek.
18:55 of 2nd period - Deflect By Troy Brouwer.
18:55 of 2nd period - Stopped by Justin Pogge with a rebound.
18:57 of 2nd period - Snap shot by Damien Brunner.
18:57 of 2nd period - Shot Misses the Net.
18:59 of 2nd period - Wrist shot by Tyler Bozak.
18:59 of 2nd period - Shot Misses the Net.
19:32 of 2nd period - Oskar Osala is hit by Craig Smith and loses puck.
Goals for this period are 2 for Ice Dragons vs 3 for Diables.
Shots for this period are 9 for Ice Dragons vs 14 for Diables.
3rd period
0:01 of 3rd period - Tyler Bozak wins face-off versus Patrick O'Sullivan in neutral zone.
0:32 of 3rd period - Slapshot by Ian Cole.
0:32 of 3rd period - Stopped by Frederik Andersen without a rebound.
0:33 of 3rd period - Martin Hanzal wins face-off versus Jamie Arniel in Diables zone.
1:26 of 3rd period - Slapshot by Tomas Kubalik.
1:26 of 3rd period - Stopped by Justin Pogge with a rebound.
1:28 of 3rd period - Slapshot by Jared Cowen.
1:28 of 3rd period - Stopped by Justin Pogge with a rebound.
1:38 of 3rd period - Riley Sheahan is hit by Tyler Haskins.
2:35 of 3rd period - Icing by Brandon Prust.
2:36 of 3rd period - Tyler Bozak wins face-off versus Martin Hanzal in Diables zone.
2:46 of 3rd period - Off-side.
2:47 of 3rd period - Tyler Bozak wins face-off versus Patrick O'Sullivan in neutral zone.
2:49 of 3rd period - Minor Penalty to Brandon Prust for Hooking.
2:50 of 3rd period - Niklas Sundstrom wins face-off versus Jamie Arniel in Diables zone.
2:58 of 3rd period - Wrist shot by Patrick O'Sullivan.
2:58 of 3rd period - Deflect By Oskar Osala.
2:58 of 3rd period - Shot Hit the Post.
2:58 of 3rd period - Puck is out of play.
2:59 of 3rd period - Jamie Arniel wins face-off versus Oskar Osala in Diables zone.
2:59 of 3rd period - Jamie Arniel is hit by Niklas Sundstrom.
3:39 of 3rd period - Snap shot by Dustin Kohn.
3:39 of 3rd period - Shot Misses the Net.
3:41 of 3rd period - Wrist shot by Kellan Lain.
3:41 of 3rd period - Stopped by Justin Pogge without a rebound.
3:42 of 3rd period - Martin Hanzal wins face-off versus Jamie Arniel in Ice Dragons zone.
3:42 of 3rd period - Martin Hanzal is hit by Jamie Arniel.
4:44 of 3rd period - Dustin Kohn is hit by Oskar Osala and loses puck.
4:49 of 3rd period - Penalty to Brandon Prust is over, Brandon Prust is back on ice.
4:57 of 3rd period - Wrist shot by Craig Smith.
4:57 of 3rd period - Deflect By Tomas Kubalik.
4:57 of 3rd period - Stopped by Justin Pogge with a rebound.
4:59 of 3rd period - Slapshot by Lukas Krajicek.
4:59 of 3rd period - Stopped by Justin Pogge with a rebound.
5:01 of 3rd period - Slapshot by Tomas Kubalik.
5:01 of 3rd period - Goal by Tomas Kubalik - Ice Dragons : 4 - Diables : 4.
5:02 of 3rd period - Craig Smith wins face-off versus Tyler Haskins in neutral zone.
5:27 of 3rd period - Damien Brunner is hit by Brayden McNabb and loses puck.
5:40 of 3rd period - Oskar Osala is hit by Damien Brunner and loses puck.
5:53 of 3rd period - Snap shot by Martin Hanzal.
5:53 of 3rd period - Shot Blocked by Tyler Cuma.
6:13 of 3rd period - Icing by Brayden McNabb.
6:14 of 3rd period - Martin Hanzal wins face-off versus Craig Smith in Ice Dragons zone.
6:21 of 3rd period - Wrist shot by Pierre-Cédric Labrie.
6:21 of 3rd period - Shot Hit the Post.
6:23 of 3rd period - Slapshot by Tomas Kubalik.
6:23 of 3rd period - Goal by Tomas Kubalik - Ice Dragons : 4 - Diables : 5.
6:24 of 3rd period - Tyler Bozak wins face-off versus Patrick O'Sullivan in neutral zone.
6:27 of 3rd period - Snap shot by Lukas Krajicek.
6:27 of 3rd period - Deflect By Tyler Bozak.
6:27 of 3rd period - Stopped by Justin Pogge with a rebound.
6:35 of 3rd period - Snap shot by Oskar Osala.
6:35 of 3rd period - Goal by Oskar Osala - Ice Dragons : 5 - Diables : 5.
6:36 of 3rd period - Tyler Bozak wins face-off versus Cal Clutterbuck in neutral zone.
6:45 of 3rd period - Snap shot by Damien Brunner.
6:45 of 3rd period - Shot Blocked by Boris Valabik.
6:47 of 3rd period - Snap shot by Jared Cowen.
6:47 of 3rd period - Stopped by Justin Pogge with a rebound.
6:49 of 3rd period - Slapshot by Lukas Krajicek.
6:49 of 3rd period - Deflect By Boris Valabik.
6:49 of 3rd period - Stopped by Justin Pogge with a rebound.
6:51 of 3rd period - Snap shot by Brandon Prust.
6:51 of 3rd period - Shot Hit the Post.
7:27 of 3rd period - Dustin Kohn is hit by Tyler Haskins and loses puck.
7:46 of 3rd period - Jamie Arniel is hit by Oskar Osala.
8:52 of 3rd period - Slapshot by Tyler Bozak.
8:52 of 3rd period - Stopped by Justin Pogge with a rebound.
8:54 of 3rd period - Snap shot by Damien Brunner.
8:54 of 3rd period - Stopped by Justin Pogge without a rebound.
8:55 of 3rd period - Craig Smith wins face-off versus Patrick O'Sullivan in Ice Dragons zone.
10:02 of 3rd period - Snap shot by Pierre-Cédric Labrie.
10:02 of 3rd period - Shot Blocked by Ian Cole.
10:04 of 3rd period - Slapshot by Tyler Cuma.
10:04 of 3rd period - Shot Misses the Net.
10:06 of 3rd period - Slapshot by Dustin Kohn.
10:06 of 3rd period - Stopped by Justin Pogge without a rebound.
10:07 of 3rd period - Martin Hanzal wins face-off versus Craig Smith in Ice Dragons zone.
10:20 of 3rd period - Snap shot by Niklas Sundstrom.
10:20 of 3rd period - Stopped by Frederik Andersen with a rebound.
11:13 of 3rd period - Slapshot by Tomas Kubalik.
11:13 of 3rd period - Shot Misses the Net.
11:28 of 3rd period - Off-side.
11:29 of 3rd period - Taylor Beck wins face-off versus Martin Hanzal in neutral zone.
13:02 of 3rd period - Wrist shot by Brandon Prust.
13:02 of 3rd period - Shot Blocked by Jordan LaVallee.
13:04 of 3rd period - Slapshot by Matt Jones.
13:04 of 3rd period - Deflect By Brandon Prust.
13:04 of 3rd period - Stopped by Justin Pogge without a rebound.
13:05 of 3rd period - Martin Hanzal wins face-off versus Tyler Bozak in Ice Dragons zone.
13:05 of 3rd period - Martin Hanzal is hit by Brandon Prust.
14:00 of 3rd period - Tyler Haskins is hit by Tyler Cuma and loses puck.
14:38 of 3rd period - Off-side.
14:39 of 3rd period - Jamie Arniel wins face-off versus Troy Brouwer in neutral zone.
14:54 of 3rd period - Snap shot by Kellan Lain.
14:54 of 3rd period - Shot Blocked by Tomas Kudelka.
15:04 of 3rd period - Tyler Cuma is hit by Danny Syvret and loses puck.
15:12 of 3rd period - Icing by Tyler Bozak.
15:13 of 3rd period - Tyler Bozak wins face-off versus Patrick O'Sullivan in Diables zone.
15:42 of 3rd period - Wrist shot by Steve Quailer.
15:42 of 3rd period - Stopped by Justin Pogge with a rebound.
16:05 of 3rd period - Snap shot by Niklas Sundstrom.
16:05 of 3rd period - Shot Blocked by Tomas Kubalik.
16:07 of 3rd period - Snap shot by Martin Hanzal.
16:07 of 3rd period - Shot Blocked by Jared Cowen.
16:09 of 3rd period - Slapshot by Boris Valabik.
16:09 of 3rd period - Deflect By Craig Smith.
16:09 of 3rd period - Stopped by Frederik Andersen without a rebound.
16:10 of 3rd period - Tyler Bozak wins face-off versus Patrick O'Sullivan in Diables zone.
16:10 of 3rd period - Tyler Bozak is hit by Cal Clutterbuck.
16:46 of 3rd period - Off-side.
16:47 of 3rd period - Tyler Bozak wins face-off versus Tyler Haskins in neutral zone.
16:50 of 3rd period - Tomas Kudelka is hit by Tyler Cuma and loses puck.
16:55 of 3rd period - Wrist shot by Tyler Bozak.
16:55 of 3rd period - Stopped by Justin Pogge without a rebound.
16:56 of 3rd period - Tyler Haskins wins face-off versus Tyler Bozak in Ice Dragons zone.
17:31 of 3rd period - Snap shot by Jordan LaVallee.
17:31 of 3rd period - Stopped by Frederik Andersen without a rebound.
17:32 of 3rd period - Cal Clutterbuck wins face-off versus Jamie Arniel in Diables zone.
Goals for this period are 1 for Ice Dragons vs 2 for Diables.
Shots for this period are 5 for Ice Dragons vs 16 for Diables.
Overtime #1
0:01 of 1st overtime period - Jordan LaVallee wins face-off versus Jamie Arniel in neutral zone.
0:06 of 1st overtime period - Snap shot by Troy Brouwer.
0:06 of 1st overtime period - Shot Hit the Post.
0:14 of 1st overtime period - Snap shot by Lukas Krajicek.
0:14 of 1st overtime period - Stopped by Justin Pogge with a rebound.
0:16 of 1st overtime period - Wrist shot by Jamie Arniel.
0:16 of 1st overtime period - Deflect By Damien Brunner.
0:16 of 1st overtime period - Shot Blocked by Boris Valabik.
0:16 of 1st overtime period - Puck is out of play.
0:17 of 1st overtime period - Jamie Arniel wins face-off versus Jordan LaVallee in Ice Dragons zone.
4:48 of 1st overtime period - Brandon Prust is hit by Martin Hanzal and loses puck.
Goals for this period are 0 for Ice Dragons vs 0 for Diables.
Shots for this period are 0 for Ice Dragons vs 1 for Diables.
ShootOut
5:00 of 1st overtime period - Penalty Shot by Martin Hanzal for Ice Dragons.
5:00 of 1st overtime period - Snap shot by Martin Hanzal.
5:00 of 1st overtime period - Stopped by Frederik Andersen.
5:00 of 1st overtime period - Penalty Shot by Craig Smith for Diables.
5:00 of 1st overtime period - Backhand shot by Craig Smith.
5:00 of 1st overtime period - Stopped by Justin Pogge.
5:00 of 1st overtime period - Penalty Shot by Cal Clutterbuck for Ice Dragons.
5:00 of 1st overtime period - Deke by Cal Clutterbuck.
5:00 of 1st overtime period - Stopped by Frederik Andersen.
5:00 of 1st overtime period - Penalty Shot by Damien Brunner for Diables.
5:00 of 1st overtime period - Snap shot by Damien Brunner.
5:00 of 1st overtime period - Goal by Damien Brunner.
5:00 of 1st overtime period - Penalty Shot by Niklas Sundstrom for Ice Dragons.
5:00 of 1st overtime period - Wrist shot by Niklas Sundstrom.
5:00 of 1st overtime period - Stopped by Frederik Andersen.
Back to the Top